[Event "Early-Titled-Tuesday-Blitz-January-23-2024"]
[Site "Chess.com"]
[Date "2024.01.23"]
[Round "7"]
[White "wild3000"]
[Black "malakismayil"]
[Result "1-0"]
[WhiteElo "2457"]
[BlackElo "2558"]
[TimeControl "180+1"]
[EndTime "9:18:24 PST"]
[Termination "wild3000 won on time"]

1. d4 Nf6 2. c4 e6 3. Nc3 d5 4. Nf3 Be7 5. e3 O-O 6. Be2 dxc4 7. Bxc4 c5 8. O-O Nc6 9. a3 cxd4 10. exd4 Nd5 11. Re1 Bf6 12. Ne4 Be7 13. b4 a6 14.
Bb2 Nf6 15. Neg5 h6 16. Nh3 Bd7 17. Nf4 Rc8 18. Rc1 Bd6 19. Nd3 Ne7 20. Ba2 Bc6 21. Bb1 Be4 22. Nfe5 Ned5 23. Nc5 Bxc5 24. dxc5 Bxb1 25.
Rxb1 Qc7 26. Rc1 Rfd8 27. Qf3 Ne7 28. h3 Rd5 29. Ng4 Nxg4 30. Qxg4 Rg5 31. Qe2 Qc6 32.
Qe4 Nd5 33. Rcd1 Qc7 34. Be5 Qc6 35. h4 Rg6 36. g3 h5 37. Rd4 Rg4 38. Qd3 f6 39.
Rxg4 hxg4 40. Bd6 e5 41. Qg6 Qd7 42. h5 Rd8 43. h6 Nc7 44. hxg7 Ne6 45. Qxf6 Re8 46.
Rxe5 Nxg7 47. Rg5 Re1+ 48. Kh2 Re6 49. Rxg7+ 1-0

[Event "Early-Titled-Tuesday-Blitz-January-23-2024"]
[Site "Chess.com"]
[Date "2024.01.23"]
[Round "7"]
[White "NastyaHn"]
[Black "HajiyevKanan"]
[Result "0-1"]
[WhiteElo "2347"]
[BlackElo "2584"]
[TimeControl "180+1"]
[EndTime "9:18:24 PST"]
[Termination "HajiyevKanan won on time"]

1. Nc3 c6 2. d4 d5 3. Nf3 Nf6 4. Bg5 Ne4 5. Bf4 Qb6 6. Rb1 Bf5 7. e3 Qa5 8. Bd3 Nxc3 9. bxc3 Qxc3+ 10. Kf1 Bxd3+ 11.
cxd3 b5 12. g3 e6 13. Kg1 Ba3 14. Rb3 Qa5 15. Kg2 O-O 16. h4 Nd7 17. h5 h6 18.
Ne5 Nxe5 19. Bxe5 Rfc8 20. Qg4 Bf8 21. Rb2 Qc3 22. Qe2 c5 23. Rc2 Qa5 24. dxc5 Rxc5 25. Rxc5 Bxc5 26. Rc1 Bf8 27. Rc2 Qd8 28. f4 Rc8 29.
Bd4 a5 30. Qd1 a4 31. Qc1 Rxc2+ 32. Qxc2 Qd7 33. g4 b4 34. Kf3 Qb7 35. Qxa4 f6 36. Qe8 Qe7 37. Qb8 Kf7 38. Bb6 Qd7 39. d4 Qb5 40. Qc7+ Kg8 41. Bc5 Qf1+ 42. Kg3 Qg1+ 43. Kf3 Qf1+ 44. Kg3 Bxc5 45. dxc5 Qe1+ 46. Kf3 Qd1+ 47.
Kg3 Qc1 48. Kf3 Qd1+ 49. Kg3 Qd3 50. Kf3 d4 51. Qd8+ Kh7 52. Qxd4 Qf1+ 53. Ke4 Qb5 54. Qd6 b3 55. axb3 Qxb3 56. c6 Qc2+ 57. Kf3 Qh2 58. c7 Qh1+ 59. Ke2 Qg2+ 60. Kd3 Qf3 61. c8=Q Qd1+ 62. Kc3 Qxd6 0-1

[Event "Early-Titled-Tuesday-Blitz-January-23-2024"]
[Site "Chess.com"]
[Date "2024.01.23"]
[Round "7"]
[White "DTChess"]
[Black "chess_blitz00"]
[Result "1-0"]
[WhiteElo "2618"]
[BlackElo "2463"]
[TimeControl "180+1"]
[EndTime "9:18:26 PST"]
[Termination "DTChess won by resignation"]

1. e4 d6 2. d4 g6 3. Nc3 c6 4.
Be3 Qb6 5. Qd2 Nf6 6. f3 Qxb2 7.
Rb1 Qa3 8. h4 h5 9. Nge2 Qa5 10.
Nc1 Qc7 11. Nd3 Nbd7 12. Be2 Bg7 13. Kf2 Nb6 14. Nc1 e5 15. Nb3 Be6 16. d5 cxd5 17.
exd5 Nbxd5 18. Nb5 Qd8 19. c4 Nxe3 20. Qxe3 a6 21.
Nc3 Bh6 22. Qd3 Bf5 23. Ne4 Bxe4 24. fxe4 Qd7 25. Rbd1 Rd8 26. g3 O-O 27. Kg2 Ng4 28. Bxg4 Qxg4 29. Qf3 Qe6 30. Rd5 f5 31. c5 fxe4 32.
Qxe4 Qf6 33. Rhd1 Kh7 34. Rxd6 Qf2+ 35. Kh3 Rxd6 36. Rxd6 Qf1+ 37. Qg2 Qf5+ 38. Kh2 e4 39. Nd4 Qxc5 40. Rd7+ Bg7 41. Rxg7+ Kh8 42. Ne6 Rf2 43. Nxc5 Rxg2+ 44. Kxg2 Kxg7 45. Nxe4 b6 46. Kf3 Kf7 47. Kf4 Ke6 48. Nc3 b5 49. a3 Kd6 50. Ke4 Kc5 51.
Kd3 a5 52. Ne2 b4 53. axb4+ Kxb4 54. Kc2 Kc4 55. Nf4 Kd4 56. Nxg6 Ke4 57. Nf4 Kf3 58.
Nxh5 Kg4 59. Kb3 a4+ 60. Kxa4 Kxh5 61. Kb3 Kg4 62. Kc3 Kxg3 63. h5 Kh4 64. h6 1-0

[Event "Early-Titled-Tuesday-Blitz-January-23-2024"]
[Site "Chess.com"]
[Date "2024.01.23"]
[Round "7"]
[White "HanSchut"]
[Black "tarno17"]
[Result "1-0"]
[WhiteElo "2261"]
[BlackElo "2081"]
[TimeControl "180+1"]
[EndTime "9:18:26 PST"]
[Termination "HanSchut won on time"]

1. e4 c5 2. Nf3 e6 3. c4 a6 4.
Nc3 Qc7 5. Be2 Nc6 6. O-O Nf6 7. d4 cxd4 8. Nxd4 Bb4 9. Qd3 Ne5 10.
Qg3 g6 11. Bf4 d6 12. Qh4 Ned7 13. Bg5 Qd8 14. Rac1 h6 15. Bxh6 Bc5 16. Rfd1 Ne5 17. Qf4 g5 18. Bxg5 Ned7 19. Nf3 e5 20. Qf5 Rg8 21.
Nd5 Rg6 22. Bxf6 Nxf6 23. Nxf6+ Rxf6 24. Qh7 Be6 25. Qh8+ Ke7 26. Qh3 Bxh3 27. Nxe5 Qd7 28. Nxd7 Kxd7 29. gxh3 Rg6+ 30. Kh1 Rag8 31. Bg4+ Ke7 32.
f4 Rh6 33. Rd5 Be3 34. f5 Bxc1 35. e5 dxe5 36. Rxe5+ Kf6 37. Rd5 Re8 38. Kg2 Kg7 39. c5 Rc6 40. b4 b6 41. cxb6 Rxb6 42. a4 Rxb4 43. Rd7 Rb2+ 44. Kf3 Rc8 45. Kg3 Rc3+ 46. Kh4 Bd2 47. Bh5 Be1+ 48. Kg5 Rg2+ 49. Bg4 Rc4 50. f6+ Kh7 51. Rxf7+ Kg8 52. Rg7+ Kf8 53. Rb7 Bd2+ 54. Kg6 Ke8 55. Rb8+ 1-0

[Event "Early-Titled-Tuesday-Blitz-January-23-2024"]
[Site "Chess.com"]
[Date "2024.01.23"]
[Round "7"]
[White "01Roman"]
[Black "Meri-Arabidze"]
[Result "0-1"]
[WhiteElo "2482"]
[BlackElo "2720"]
[TimeControl "180+1"]
[EndTime "9:18:27 PST"]
[Termination "Meri-Arabidze won on time"]

1. Nf3 Nf6 2. c4 g6 3. Nc3 Bg7 4. e4 d6 5. d4 O-O 6. Be2 c5 7. O-O cxd4 8. Nxd4 Nc6 9. Be3 Bd7 10. Nc2 a6 11. f3 Ne5 12. Qd2 Qb8 13. Na3 Rc8 14. Rac1 h5 15. Nd5 Nxd5 16. cxd5 b5 17. h3 b4 18. Nb1 Rxc1 19. Rxc1 Bb5 20. f4 Nd7 21. a3 Bxe2 22. Qxe2 a5 23. a4 Nc5 24. Qc2 Qe8 25. b3 Rc8 26. Nd2 Bc3 27. Bxc5 Rxc5 28. Nc4 Qc8 29.
Rd1 h4 30. Qd3 Qc7 31. Kf2 Qa7 32. Kf3 Qd7 33. Rf1 e6 34. dxe6 Qxe6 35. Qxd6 Qxd6 36. Nxd6 Kg7 37. Rd1 g5 38. Nc4 gxf4 39. Kxf4 Kg6 40. e5 Kg7 41. Rd6 Rc7 42. Ke4 Rc5 43. Rd5 Rc6 44.
Nxa5 Rg6 45. Kf3 Rg3+ 46. Kf2 Bb2 0-1

[Event "Early-Titled-Tuesday-Blitz-January-23-2024"]
[Site "Chess.com"]
[Date "2024.01.23"]
[Round "7"]
[White "Alexei_Gubajdullin"]
[Black "Arystanner"]
[Result "0-1"]
[WhiteElo "2586"]
[BlackElo "2786"]
[TimeControl "180+1"]
[EndTime "9:18:28 PST"]
[Termination "Arystanner won by resignation"]

1. d4 Nf6 2. Nf3 g6 3. Bf4 Bg7 4. e3 O-O 5. Be2 d6 6. O-O c5 7. c3 Nc6 8. h3 cxd4 9. exd4 Nd5 10. Bg3 e5 11. Na3 e4 12. Ne1 f5 13. Bc4 Be6 14. Qb3 Nce7 15. Bh4 Bf6 16. Bxf6 Rxf6 17. Nec2 Kg7 18.
Ne3 Nxe3 19. fxe3 d5 20. Be2 Rb8 21. Nc2 Qd6 22. Qb4 Qc7 23. a4 g5 24. Qc5 Nc6 25.
Bb5 f4 26. Nb4 Rd8 27. Bxc6 bxc6 28. Nxc6 Rd7 29. Ne5 Qxc5 30. dxc5 Rc7 31. b4 Rf5 32. Ng4 h5 33. Nh2 a5 34. h4 axb4 35. cxb4 fxe3 36.
Rfe1 d4 37. a5 Bc4 38. Nf1 gxh4 39. Reb1 Bb5 40. a6 Ra7 41. Ra5 Bxf1 42. Rxf1 e2 43. Re1 d3 44. Ra2 e3 45. Rexe2 dxe2 46. Rxe2 Rxa6 47.
Rxe3 Ra1+ 48. Kh2 Rb1 49. Re4 Rff1 50. Rxh4 Rh1+ 51. Kg3 Rxh4 52. Kxh4 Rxb4+ 53. Kxh5 Rc4 54. g4 Rxc5+ 55. g5 Kh7 56. Kg4 Kg6 57. Kf4 Rxg5 58.
Ke4 Rf5 59. Kd4 Kf6 60. Ke4 Ke6 0-1

[Event "Early-Titled-Tuesday-Blitz-January-23-2024"]
[Site "Chess.com"]
[Date "2024.01.23"]
[Round "7"]
[White "Hamisandwich"]
[Black "Statham_01"]
[Result "1-0"]
[WhiteElo "2706"]
[BlackElo "2533"]
[TimeControl "180+1"]
[EndTime "9:18:29 PST"]
[Termination "Hamisandwich won by resignation"]

1. e4 e5 2. f4 d5 3. exd5 exf4 4. Nf3 Nf6 5. Bb5+ c6 6. dxc6 Nxc6 7. d4 Bd6 8. O-O O-O 9. c4 Bg4 10. Bxc6 bxc6 11. Nc3 Rb8 12. Ne2 Re8 13. Nxf4 Bxf4 14. Bxf4 Rxb2 15. Be5 Nd7 16. Qc1 Nxe5 17. Qxb2 Nxc4 18.
Qc3 Qd5 19. Rae1 Rxe1 20. Rxe1 h6 21. Ne5 Nxe5 22. dxe5 Be6 23. a3 g6 24. h3 Kh7 25.
Kh2 h5 26. Rb1 Qe4 27. Rb4 Qd5 28. Rb7 Qe4 29. Rb4 Qd5 30. Qd4 Qa5 31. Ra4 Qb5 32. Rxa7 Qe2 33. Qf4 Bd5 34. Rxf7+ Bxf7 35. Qxf7+ Kh6 36.
Qf4+ Kg7 37. a4 Qe1 38. Qf6+ Kh7 39. e6 Qe2 40. e7 h4 41. Qxh4+ Kg7 42. Qg5 Qe4 43.
h4 c5 44. a5 c4 45. a6 c3 46. Qc5 c2 47. a7 Qf4+ 48. Kh3 c1=Q 49. Qxc1 Qxc1 50.
e8=Q Qh1+ 51. Kg3 Qe1+ 52. Qxe1 1-0

[Event "Early-Titled-Tuesday-Blitz-January-23-2024"]
[Site "Chess.com"]
[Date "2024.01.23"]
[Round "7"]
[White "Roman_Ovetchkin"]
[Black "supereagles1201"]
[Result "0-1"]
[WhiteElo "2637"]
[BlackElo "2392"]
[TimeControl "180+1"]
[EndTime "9:18:29 PST"]
[Termination "supereagles1201 won on time"]

1. d4 d5 2. c4 c6 3. Nf3 Nf6 4. Qc2 g6 5. Bf4 Bg7 6. e3 O-O 7. Nc3 c5 8. dxc5 Qa5 9. Qa4 Qxa4 10. Nxa4 dxc4 11. Bxc4 Nbd7 12. h3 Ne4 13. Ke2 Ndxc5 14. Nxc5 Nxc5 15. Be5 Bxe5 16. Nxe5 Be6 17. Rac1 Rfc8 18.
Rhd1 f6 19. b4 Bxc4+ 20. Nxc4 Ne6 21. Na5 Rxc1 22. Rxc1 b6 23. Nc6 Kf7 24. Nd4 Nxd4+ 25. exd4 Rd8 26. Ke3 Rd5 27. a4 Rd7 28. Rc6 h5 29.
Ke4 g5 30. d5 h4 31. b5 Ke8 32. a5 bxa5 33. Ra6 Kd8 34. Rxa5 Kc8 35. Ra6 Kb7 36. Rc6 Kb8 37. Kd4 Kb7 38. Kc5 Rd8 39. Re6 Rd7 40.
Re2 Rc7+ 41. Kb4 Rd7 42. Ka5 Rc7 43. Re3 Rd7 44. Re6 Rc7 45. d6 exd6 46. Rxd6 Rf7 47. Kb4 Kc7 48. Kc5 Kb7 49. Kd5 Kc7 50. Re6 Kb7 51. Ke4 Rf8 52. Kf5 Rd8 53. Kxf6 Rd2 54. Kxg5 Rxf2 0-1

[Event "Early-Titled-Tuesday-Blitz-January-23-2024"]
[Site "Chess.com"]
[Date "2024.01.23"]
[Round "7"]
[White "dosto07"]
[Black "Smile2005"]
[Result "1/2-1/2"]
[WhiteElo "2530"]
[BlackElo "2403"]
[TimeControl "180+1"]
[EndTime "9:18:29 PST"]
[Termination "Game drawn by repetition"]

1. e4 c5 2. Nf3 e6 3. c3 a6 4. d4 cxd4 5. cxd4 b5 6. Bd3 Bb7 7. O-O d5 8. e5 Nc6 9. a4 b4 10. Nbd2 Nge7 11. Nb3 Ng6 12. Bg5 Qb6 13. a5 Qa7 14. Rc1 Rc8 15. Qe2 Be7 16. Bxe7 Ncxe7 17. Nc5 Nf4 18. Qd2 Nxd3 19. Qxd3 O-O 20. Ng5 Ng6 21. h4 h6 22. Ngxe6 Rfe8 23. Nxb7 Qxb7 24. Nc5 Qe7 25.
g3 Nxe5 26. dxe5 Rxc5 27. Qxa6 Rxc1 28. Rxc1 Qxe5 29. Qc6 Re7 30. b3 g6 31. a6 d4 32.
Qc4 Kh7 33. Rd1 Qa5 34. Qxd4 Qxa6 35. Qxb4 Re2 36. Qf4 Qe6 37. b4 Rb2 38. Kg2 Qc6+ 39. Qf3 Qxf3+ 40. Kxf3 Rxb4 41. Rd7 Kg7 42. Rd8 g5 43.
hxg5 hxg5 44. Kg2 g4 45. Rd2 Kf6 46. Re2 Kg6 47. Re3 f5 48. Re2 Kg5 49. Re8 Rb3 50. Rg8+ Kf6 51. Rf8+ Kg5 52. Rg8+ Kf6 53. Rf8+ Kg5 54.
Rg8+ 1/2-1/2

[Event "Early-Titled-Tuesday-Blitz-January-23-2024"]
[Site "Chess.com"]
[Date "2024.01.23"]
[Round "7"]
[White "rasmussvane"]
[Black "DenLaz"]
[Result "1/2-1/2"]
[WhiteElo "3005"]
[BlackElo "3087"]
[TimeControl "180+1"]
[EndTime "9:18:30 PST"]
[Termination "Game drawn by stalemate"]

1. Nf3 d5 2. g3 Nf6 3. Bg2 e6 4.
O-O Be7 5. c4 O-O 6. d4 c6 7.
Qc2 b6 8. b3 Nbd7 9. Bb2 Ba6 10.
a4 c5 11. Nbd2 Rc8 12. e3 Qc7 13. Rfc1 Rfd8 14. a5 Bb7 15. axb6 axb6 16. Qd1 Qb8 17. Qe2 dxc4 18. bxc4 Ne4 19. Nxe4 Bxe4 20. Nd2 Bxg2 21.
Kxg2 Nf6 22. Qf3 cxd4 23. Bxd4 Qc7 24. Rab1 Nd7 25. h4 Qc6 26. Rb3 h6 27. Rcb1 Qxf3+ 28. Kxf3 e5 29. Bc3 Nc5 30. Rb5 Na4 31. Bb4 Bxb4 32. R5xb4 Rxd2 33. Rxa4 Rc6 34. Kg2 Rf6 35. Rf1 Rc2 36. Rb4 g6 37. Rb5 e4 38. Rb4 Kg7 39.
c5 bxc5 40. Rxe4 Rd6 41. Rf4 g5 42. hxg5 hxg5 43. Rf5 Kg6 44. g4 Rf6 45. Rxf6+ Kxf6 46. Kf3 c4 47. Ke4 Kg6 48. f4 gxf4 49. exf4 c3 50. Kd3 Rg2 51. Kxc3 Rxg4 52. Kd4 Kf5 53. Ke3 Rg3+ 54. Rf3 Kg4 55. Rxg3+ Kxg3 56. f5 f6 57. Ke4 Kg4 58. Ke3 Kxf5 59. Kf3 Ke5 60. Ke3 f5 61. Kf3 f4 62. Kf2 Kf5 63. Kf3 Ke5 64. Kf2 Ke4 65. Ke2 f3+ 66. Kf2 Kf4 67. Kf1 Ke3 68.
Ke1 f2+ 69. Kf1 Kf3 1/2-1/2

[Event "Early-Titled-Tuesday-Blitz-January-23-2024"]
[Site "Chess.com"]
[Date "2024.01.23"]
[Round "7"]
[White "artin10862"]
[Black "GroovyKettle"]
[Result "1-0"]
[WhiteElo "2851"]
[BlackElo "2966"]
[TimeControl "180+1"]
[EndTime "9:18:31 PST"]
[Termination "artin10862 won on time"]

1. d4 Nf6 2. c4 e6 3. Nc3 d5 4. Nf3 c6 5. g3 dxc4 6. Bg2 b5 7. O-O Bb7 8. e4 Be7 9. e5 Nd5 10. Ne4 h6 11. b3 cxb3 12. axb3 Nd7 13. Ba3 b4 14. Bb2 c5 15. dxc5 Nxc5 16. Nd6+ Bxd6 17. exd6 f6 18. Nd4 Qxd6 19. Qh5+ Kf8 20. Rfd1 Qe7 21. Rac1 Rc8 22. Nxe6+ Nxe6 23. Rxc8+ Bxc8 24. Bxd5 Qe8 25. Qg4 Qe7 26. Rc1 Kf7 27. Qh5+ g6 28. Qf3 Rd8 29. Re1 Kg7 30. Bc4 Re8 31. Qe3 Qf7 32.
Qd2 Qd7 33. Qxb4 Ng5 34. Rxe8 Qxe8 35. h4 Nf3+ 36. Kg2 Qe4 37. Bxf6+ Kxf6 38. Qf8+ Ke5 39. Qxf3 Bb7 40. Qxe4+ Bxe4+ 41. Kf1 Kd4 42. Ke2 Kc3 43. Bf7 g5 44. h5 Bc2 45. f4 gxf4 46. gxf4 a5 47. Ke3 Bf5 48. Bg6 Be6 49. f5 Bxb3 50.
f6 a4 51. f7 Bxf7 52. Bxf7 a3 53. Ke4 1-0

[Event "Early-Titled-Tuesday-Blitz-January-23-2024"]
[Site "Chess.com"]
[Date "2024.01.23"]
[Round "7"]
[White "mbojan"]
[Black "Alexchess1984"]
[Result "1-0"]
[WhiteElo "2899"]
[BlackElo "2674"]
[TimeControl "180+1"]
[EndTime "9:18:31 PST"]
[Termination "mbojan won on time"]

1. a3 d5 2. e3 Bf5 3. c4 e6 4. Qb3 Nd7 5. cxd5 Ngf6 6. dxe6 Bxe6 7. Bc4 Nc5 8. Qc2 Bxc4 9. Qxc4 Qd3 10. Qc3 O-O-O 11. Nh3 Nb3 12. Qxd3 Rxd3 13. Ke2 Rd8 14. Ra2 c5 15. d3 Bd6 16. Nd2 Nxd2 17. Bxd2 Kb8 18.
b4 cxb4 19. axb4 Nd5 20. Rb1 Rc8 21. Ng5 Rc7 22. Ne4 Be7 23. g4 g6 24. b5 Rhc8 25.
g5 h6 26. h4 hxg5 27. hxg5 Rh8 28. Rba1 b6 29. Rg1 Rcc8 30. d4 Nc7 31. Rb2 Rcd8 32. Bb4 Bxb4 33. Rxb4 Rh4 34. Nc3 Ne6 35. f4 Rh2+ 36.
Kd3 Nc5+ 37. Kc4 Ne6 38. Kd3 Nc5+ 39. Kc4 Nb7 40. Re1 Rc8+ 41. Kd3 Rd8 42. Ne4 Rhh8 43.
Rc1 Rhe8 44. Rbc4 Re7 45. Nf6 Nd6 46. Rb4 Nf5 47. e4 Nd6 48. d5 Nb7 49. e5 Nc5+ 50. Ke3 Nd7 51. d6 Re6 52. Nxd7+ Rxd7 53. Rbc4 Rd8 54. Kd4 1-0

[Event "Early-Titled-Tuesday-Blitz-January-23-2024"]
[Site "Chess.com"]
[Date "2024.01.23"]
[Round "7"]
[White "GlennTipton"]
[Black "FLYD"]
[Result "1-0"]
[WhiteElo "2520"]
[BlackElo "2113"]
[TimeControl "180+1"]
[EndTime "9:18:31 PST"]
[Termination "GlennTipton won by checkmate"]

1. e4 e5 2. Nf3 Nf6 3. Nxe5 Nc6 4. Nxc6 dxc6 5. d3 Bc5 6. Be2 h5 7. h3 Qd4 8. Rf1 Be6 9. c3 Qd7 10. d4 Bb6 11. Qc2 O-O-O 12. Bg5 Rhe8 13. Nd2 c5 14. Bxf6 gxf6 15. d5 Bxd5 16. exd5 Qxd5 17. Nf3 Qc6 18. Rd1 Rxd1+ 19. Kxd1 Rd8+ 20. Kc1 c4 21. Rd1 Re8 22. Bf1 Kb8 23. Nd4 Bxd4 24. cxd4 b5 25. d5 Qd6 26. Kb1 Kb7 27. b3 Re5 28. bxc4 bxc4 29. Bxc4 a5 30. Qb3+ Ka7 31. Qb5 c5 32. Qxa5+ Kb7 33. Ka1 Re4 34. Rb1+ Kc8 35. Ba6+ Kd7 36. Bb5+ Ke7 37. Qc3 Re5 38. Re1 Kf8 39. Rxe5 fxe5 40. Bc6 f6 41. f3 Ke7 42. g4 Kf8 43. a4 h4 44. a5 c4 45.
Qxc4 Qa3+ 46. Kb1 Qxa5 47. Kc2 Ke7 48. Kb3 Kd6 49. Qb4+ Qxb4+ 50. Kxb4 f5 51. gxf5 Ke7 52. Kc4 Kf6 53. Bd7 Ke7 54. Be6 Kf6 55. Kd3 Ke7 56. Ke4 Kd6 57. f6 Kc5 58. Kxe5 Kc4 59. f7 Kd3 60. f8=Q Ke3 61. f4 Kf3 62. f5 Kg3 63. f6 Kh2 64. Qg7 Kh1 65. Kf4 Kh2 66.
Kf3 Kh1 67. Qg2# 1-0

[Event "Early-Titled-Tuesday-Blitz-January-23-2024"]
[Site "Chess.com"]
[Date "2024.01.23"]
[Round "7"]
[White "The_Straightforward_Rook"]
[Black "kekic76"]
[Result "0-1"]
[WhiteElo "2492"]
[BlackElo "2336"]
[TimeControl "180+1"]
[EndTime "9:18:32 PST"]
[Termination "kekic76 won by checkmate"]

1. e4 c5 2. c3 d6 3. d4 cxd4 4. cxd4 Nf6 5. Nc3 a6 6. Bd3 e6 7.
Nf3 Be7 8. O-O O-O 9. h3 b5 10.
a4 b4 11. Ne2 Bb7 12. Ng3 a5 13. b3 Qb6 14. Bb2 Ba6 15. Re1 Nbd7 16. Rc1 Rac8 17. Bb1 Rxc1 18. Bxc1 Rc8 19. e5 Nd5 20. Bg5 Bf8 21. Bd2 dxe5 22. Bxh7+ Kxh7 23. Ng5+ Kg8 24. Qh5 N7f6 25. Qxf7+ Kh8 26. dxe5 Qb7 27. Qg6 Ne7 28. Qb1 Ned5 29. exf6 Nxf6 30. Nxe6 Qd5 31. Bg5 Bb7 32. Nf4 Qxg5 33. Ng6+ Kg8 34. Ne7+ Bxe7 35. Rxe7 Rc1+ 36.
Kh2 Rxb1 37. Rxb7 Qc1 38. h4 Qg1+ 39. Kh3 Qxf2 40. Rb8+ Kh7 41. Rb7 Qe3 42. Kh2 Qg1+ 43.
Kh3 Qe3 44. Kh2 Qe6 45. Rb5 Qd6 46. Rg5 Rh1+ 47. Kxh1 Qd1+ 48. Kh2 Qd6 49. Kh1 Nd5 50. Rxg7+ Kxg7 51. Nf5+ Kf6 52. Nxd6 Ne3 53. Nc4 Nxc4 54. bxc4 b3 55. c5 b2 56. c6 b1=Q+ 57. Kh2 Qc2 58. c7 Qxc7+ 59. Kh3 Qc3+ 60. g3 Qb4 61. h5 Qxa4 62.
g4 Qe8 63. Kh4 a4 64. h6 a3 65. g5+ Kg6 66. Kg4 a2 67. Kf4 a1=Q 68. Kf3 Qc3+ 69.
Kg4 Qe4# 0-1

[Event "Early-Titled-Tuesday-Blitz-January-23-2024"]
[Site "Chess.com"]
[Date "2024.01.23"]
[Round "7"]
[White "Predator0608"]
[Black "Flawless_Fighter"]
[Result "0-1"]
[WhiteElo "2520"]
[BlackElo "2727"]
[TimeControl "180+1"]
[EndTime "9:18:33 PST"]
[Termination "Flawless_Fighter won on time"]

1. e4 c5 2. Nf3 Nc6 3. d4 cxd4 4. Nxd4 Nf6 5. Nc3 e6 6. Nxc6 bxc6 7. e5 Nd5 8. Ne4 Qc7 9. f4 Qb6 10. c4 Bb4+ 11.
Ke2 f5 12. exf6 Nxf6 13. Be3 Qd8 14. Nd6+ Bxd6 15. Qxd6 c5 16. Bxc5 Ne4 17. Qd4 Nxc5 18. Qxc5 Qf6 19. Qe5 Qxe5+ 20. fxe5 Rf8 21. Re1 Bb7 22.
Kd2 Rc8 23. Bd3 g6 24. Rhg1 a5 25. Re2 a4 26. Rge1 Rf4 27. Ke3 Rf7 28. g3 Ba6 29.
Kd4 Ke7 30. b4 axb3 31. axb3 Rb8 32. Kc3 Bb7 33. b4 Rf3 34. b5 Rc8 35. Re3 Rf2 36. R1e2 Rf1 37. Kd4 Rd1 38. Rf2 Ra8 39. Kc5 Ra3 40. Be2 Rxe3 41. Bxd1 Rxe5+ 42. Kb6 Be4 43. Bf3 Rf5 44. Bxe4 Rxf2 45. c5 Rb2 46. Bd3 e5 47. Kc7 Rb3 48. Bf1 Rc3 0-1

[Event "Early-Titled-Tuesday-Blitz-January-23-2024"]
[Site "Chess.com"]
[Date "2024.01.23"]
[Round "7"]
[White "luckyswitchback"]
[Black "santosalberto1987"]
[Result "1/2-1/2"]
[WhiteElo "2703"]
[BlackElo "2543"]
[TimeControl "180+1"]
[EndTime "9:18:33 PST"]
[Termination "Game drawn by repetition"]

1. e4 e6 2. d4 d5 3. Nd2 c5 4. Ngf3 cxd4 5. Nxd4 Nf6 6. exd5 Nxd5 7. c4 Nb4 8. N2f3 N8c6 9. Nxc6 Qxd1+ 10. Kxd1 Nxc6 11.
a3 Be7 12. Kc2 Rg8 13. Bd3 f5 14. Re1 h6 15. Bd2 Kf7 16. Bc3 Bf6 17. Ne5+ Nxe5 18.
Bxe5 Bd7 19. f3 Rac8 20. a4 a6 21. a5 Rc5 22. Bd6 Rc6 23. Be5 Rc5 24. Bc3 Rgc8 25. b4 Rxc4 26. Bxc4 Rxc4 27. Re3 Bc6 28. Rb1 Bd5 29. b5 axb5 30. Rxb5 Rc7 31. Kb2 f4 32. Rd3 Bc4 33. Bxf6 Bxd3 34. Be5 Rc2+ 35. Kb3 Bxb5 36.
Kxc2 g5 37. g3 fxg3 38. hxg3 Bc6 39. f4 gxf4 40. Bxf4 Kg6 41. Kd2 h5 42. Ke3 Kf5 43.
Bc7 e5 44. Bb8 Bd5 45. Bc7 Bc6 46. Bb8 e4 47. Bf4 Ke6 48. Bc7 Kd5 49. Bb6 Ke6 50.
Bc7 Kf5 51. Bb8 Kg4 52. Bc7 h4 53. gxh4 Kxh4 54. Bd8+ Kg4 55. Bb6 Kf5 56. Bc7 Ke6 57. Bb6 Kd5 58. Bd8 Kd6 59. Bb6 Kd7 60. Bd4 Kd6 61. Bb6 Kd7 62. Bd4 Kd6 63. Bb6 1/2-1/2

[Event "Early-Titled-Tuesday-Blitz-January-23-2024"]
[Site "Chess.com"]
[Date "2024.01.23"]
[Round "7"]
[White "Iball95"]
[Black "1mbl4"]
[Result "1-0"]
[WhiteElo "2770"]
[BlackElo "2576"]
[TimeControl "180+1"]
[EndTime "9:18:34 PST"]
[Termination "Iball95 won on time"]

1. e4 d5 2. exd5 Qxd5 3. Nc3 Qd6 4. d4 Nf6 5. Bd3 c6 6. Nge2 Bg4 7. f3 Bh5 8. Bf4 Qd8 9. Qd2 e6 10. O-O-O Bg6 11. Ne4 Nd5 12. h4 h6 13. h5 Bh7 14.
Kb1 Nb4 15. Bc4 b5 16. Bd3 Be7 17. g4 a5 18. Rhg1 N8a6 19. Qe3 Nxd3 20. Qxd3 Nb4 21. Qd2 a4 22. a3 Nd5 23. Be5 f6 24. Bh2 b4 25.
axb4 Bxb4 26. Qd3 a3 27. b3 a2+ 28. Ka1 Qa5 29. c4 O-O 30. Rc1 Ba3 31. Rcd1 c5 32. cxd5 exd5 33. Nf4 dxe4 34. fxe4 cxd4 35. Qxd4 Rfd8 36.
Qc4+ Kh8 37. Ng6+ Bxg6 38. hxg6 Bb4 39. Rc1 Bd2 40. Bc7 Qa3 41. Bxd8 Bxc1 42. Qxc1 Qxc1+ 43. Rxc1 Rxd8 44. Kxa2 Kg8 45. Rc7 Kf8 46. Rf7+ Kg8 47. Rc7 Kf8 48. b4 Rd4 49. Kb3 Rxe4 50. Rc4 Re3+ 51. Ka4 f5 52. gxf5 Rf3 53. b5 Rxf5 54.
b6 Rf1 55. b7 Ra1+ 56. Kb5 Rb1+ 57. Rb4 1-0

[Event "Early-Titled-Tuesday-Blitz-January-23-2024"]
[Site "Chess.com"]
[Date "2024.01.23"]
[Round "7"]
[White "ViratKohl_i"]
[Black "I_am_Javi"]
[Result "0-1"]
[WhiteElo "2603"]
[BlackElo "2788"]
[TimeControl "180+1"]
[EndTime "9:18:35 PST"]
[Termination "I_am_Javi won by resignation"]

1. e4 e5 2. Nf3 Nc6 3. Bc4 g6 4. d4 exd4 5. Nxd4 Bg7 6. Ne2 Nge7 7. O-O O-O 8. Nbc3 d6 9. Nf4 h6 10. Re1 Kh7 11. a3 f5 12. exf5 Nxf5 13. Bd3 Ne5 14.
Be4 c6 15. Nd3 Qh4 16. g3 Qd8 17. Nxe5 Bxe5 18. f4 Bd4+ 19. Kg2 Bg7 20. Ne2 d5 21. Bf3 Re8 22. Ng1 Nd4 23. Rxe8 Qxe8 24. c3 Nxf3 25. Nxf3 Bf5 26. Kf2 Be4 27. Be3 Qd7 28. Bd4 Re8 29. Bxg7 Qxg7 30. Qd4 Qd7 31. Qf6 Bxf3 32. Kxf3 Re6 33.
Qf8 d4 34. Rd1 d3 35. f5 Qd5+ 36. Kg4 Re4+ 37. Kh3 gxf5 38. Rxd3 Qe6 39. Rd8 f4+ 40. g4 Re3+ 41. Kh4 Qe7+ 42. Qxe7+ Rxe7 43. Rf8 Re2 44. Rxf4 Rxb2 45. Kg3 Kg6 46. Rb4 Rc2 47. c4 b6 48.
h3 c5 49. Ra4 a5 50. h4 Rd2 51.
Kf4 Rd4+ 52. Kf3 Kf6 53. Kg3 Ke5 54. Kf3 Rd3+ 55. Kf2 Rh3 0-1

[Event "Early-Titled-Tuesday-Blitz-January-23-2024"]
[Site "Chess.com"]
[Date "2024.01.23"]
[Round "7"]
[White "JoliyRoger"]
[Black "SashaKuzhilniy"]
[Result "1-0"]
[WhiteElo "2480"]
[BlackElo "2626"]
[TimeControl "180+1"]
[EndTime "9:18:36 PST"]
[Termination "JoliyRoger won by checkmate"]

1. d4 Nf6 2. Nf3 d5 3. e3 e6 4.
c4 Be7 5. Nc3 O-O 6. b3 c5 7.
Bb2 cxd4 8. Nxd4 e5 9. Nf3 e4 10.
Nd4 dxc4 11. Bxc4 Nbd7 12. O-O Ne5 13. Be2 Bg4 14. h3 Bxe2 15. Qxe2 Rc8 16. Rad1 Qa5 17. Nf5 Ba3 18. Bxa3 Qxa3 19. Nb5 Qa5 20. Ne7+ Kh8 21. Nxc8 Rxc8 22. Nd6 Rb8 23. Nc4 Nxc4 24. Qxc4 Qh5 25.
Qc7 Rg8 26. Rd8 h6 27. Rxg8+ Kxg8 28. Qxb7 a5 29. a4 Qg5 30. Qb5 Qh4 31. Qxa5 g5 32. Qc7 g4 33. Qg3 Qg5 34. h4 Qd5 35. Qb8+ Kg7 36.
Qb5 Qd2 37. Qe5 Kg6 38. g3 Qc2 39. Qb5 Nh5 40. Kg2 Ng7 41. h5+ Nxh5 42. Rh1 Nf6 43. a5 Qd2 44. a6 Nd7 45. Qh5+ Kf6 46. Qxh6+ Ke7 47. Qg5+ Nf6 48. Qc5+ Ke6 49. a7 Qe2 50. Qc6+ Kf5 51. Qc8+ Kg6 52. Qc1 Qf3+ 53. Kg1 Nh5 54. Rxh5 Kxh5 55. a8=Q Qf6 56. Qg8 Kh6 57. Qd1 Qf5 58.
Qgxg4 Qf6 59. Qh5+ Kg7 60. Qdg4+ Kf8 61. Qc5+ Ke8 62.
Qgc8+ Qd8 63. Qe5+ Kf8 64. Qxd8# 1-0

[Event "Early-Titled-Tuesday-Blitz-January-23-2024"]
[Site "Chess.com"]
[Date "2024.01.23"]
[Round "7"]
[White "Boundless_Strike"]
[Black "BardArtem"]
[Result "0-1"]
[WhiteElo "2614"]
[BlackElo "2822"]
[TimeControl "180+1"]
[EndTime "9:18:38 PST"]
[Termination "BardArtem won on time"]

1. d4 Nf6 2. f3 c5 3. d5 d6 4. e4 g6 5. Nc3 Bg7 6. Bg5 h6 7. Be3 a6 8. a4 O-O 9. Qd2 Kh7 10. h4 Nbd7 11. Nh3 Rb8 12. Be2 Ne5 13. g4 b5 14. axb5 axb5 15. g5 Nh5 16. gxh6 Bf6 17.
Ng5+ Bxg5 18. hxg5 b4 19. Nd1 Ng3 20. Rh2 Nxe2 21.
Qxe2 f5 22. Bf4 fxe4 23. Bxe5 exf3 24. Qe3 dxe5 25. Qxe5 Rf7 26. Qxb8 Qxd5 27. Qxc8 Qe5+ 28. Ne3 f2+ 29. Ke2 Qxh2 30. Rf1 Qg3 31. Qxc5 Qf3+ 32.
Kd2 b3 33. cxb3 e6 34. Kc2 Qe2+ 35. Kb1 Qd3+ 36. Kc1 Qd8 37. Rd1 Qb8 38. Kb1 Qxb3 39.
Qd4 e5 40. Qd2 Qa4 41. Qd5 Ra7 42. Nc2 e4 43. Qd4 Qxd4 44. Nxd4 Rd7 45. Kc2 e3 46. Kd3 Rxd4+ 47. Kxd4 e2 48. Rc1 e1=Q 49. Rc7+ Kg8 50. Rc8+ Kf7 51. Rc7+ Ke6 52. Rc6+ Kf5 53. Rf6+ Kxg5 54.
h7 Qd2+ 0-1